AoeStats
← hanna

Hideout

510114587Analyzed
1v1 RM · 1d ago on Sep 29, 2026· 47m 56s· 2 players
Game mode
Random Map
Map size
Tiny (2 player)
Population
200
Speed
Normal
Resources
Standard
Victory
Conquest
Starting age
Dark Age
Ending age
Imperial Age
RankedLock teamsTeams togetherTeam positionsShared explorationLock speedFull tech treeHidden civsTurbo modeCheats
Victory
Defeat
🇩🇪 Byzantines · Germany
912
+15
🇬🇧 Bulgarians · United Kingdom
897
-15
burgess6000
11:29 Feudal Age
12:26 Double-Bit Axe
12:28 Horse Collar
13:06 Loom
15:34 Arson
17:23 Forging
21:17 Castle Age
19:43 Padded Archer Armor
19:33 Fletching
20:17 Fletching
20:27 Scale Mail Armor
23:28 Iron Casting
25:29 Bow Saw
28:47 Squires
28:33 Gambesons
30:56 Wheelbarrow
30:07 Town Watch
31:22 Heavy Plow
32:49 Hand Cart
32:35 Town Patrol
36:33 Imperial Age
34:06 Stirrups
34:30 Bodkin Arrow
34:42 Scale Barding Armor
35:13 Ballistics
35:03 Masonry
35:00 Murder Holes
36:17 Chain Barding Armor
37:39 Conscription
38:01 Architecture
38:47 Chemistry
39:12 Blast Furnace
38:47 Bracer
39:54 Siege Engineers
40:26 Chain Mail Armor
40:19 Elite Konnik
43:01 Plate Mail Armor
42:11 Elite Konnik
46:30 Bloodlines
46:26 Light Cavalry
47:07 Husbandry
48:28 Plate Barding Armor
hanna
11:15 Feudal Age
9:31 Loom
13:49 Double-Bit Axe
17:37 Castle Age
15:46 Horse Collar
16:00 Gold Mining
17:57 Fletching
20:55 Scale Mail Armor
21:16 Forging
21:45 Bow Saw
25:40 Wheelbarrow
25:29 Arson
26:23 Heavy Plow
28:26 Scale Barding Armor
28:59 Iron Casting
28:39 Chain Mail Armor
29:26 Squires
36:37 Imperial Age
34:24 Hand Cart
37:48 Conscription
38:04 Hoardings
37:09 Elite Varangian Guard
40:28 Two-Man Saw
40:25 Plate Mail Armor
39:52 Bodkin Arrow
43:10 Bracer
43:11 Murder Holes
44:19 Chemistry
Connection lost

Rejoining the realm…

Still unreachable

The connection could not be restored.

Session expired

The server has moved on; the page needs a fresh start.